 Dungeon Crawl Stone Soup version 0.30.0-29-ga12c61a403 (webtiles) character file.

Game seed: 3967904624228100520

88 Blight the Magician (level 4, -3/31 HPs)
             Began as a Djinni Summoner on June 16, 2023.
             Slain by a gnoll
             ... wielding a +0 club
              (8 damage)
             ... on level 3 of the Dungeon.
             The game lasted 00:16:35 (1923 turns).

Blight the Magician (Djinni Summoner)               Turns: 1923, Time: 00:16:36

Health: -3/31      AC:  5    Str:  7    XL:     4   Next: 81%
Gold:   79         EV: 10    Int: 18    God:
                   SH:  0    Dex: 14

rFire   + + .        h - +0 spear
rCold   x . .        (no shield)
rNeg    . . .        k - +0 ring mail
rPois   ∞            (no helmet)
rElec   .            (no cloak)
rCorr   .            (no gloves)
SInv    .            (boots unavailable)
Will    .....        (no amulet)
Stlth   +            d - +4 ring of slaying
HPRegen 0.25/turn    (no ring)
MPRegen 0.00/turn

%: infuse magic (-4 HP)
@: flying
A: sickness immunity, fire resistance 2, cold vulnerability 1, float, innate
caster, HP casting, extra vitality 1
a: no special abilities


You were on level 3 of the Dungeon.
You visited 1 branch of the dungeon, and saw 3 of its levels.

You collected 79 gold pieces.

Inventory:

Hand Weapons
 c - a +0 club
 h - a +0 spear (weapon)
Armour
 a - a +0 robe
 e - a +0 ring mail
 f - a scarf of invisibility
 k - a +0 ring mail (worn)
Jewellery
 d - a +4 ring of slaying (left hand)
 n - a +6 ring of intelligence
Scrolls
 b - a scroll of enchant armour {unknown}
 i - a scroll of amnesia {unknown}
 l - 2 scrolls of fog {unknown}
 r - 2 scrolls of enchant weapon {unknown}
 s - a scroll of identify {unknown}
Potions
 g - 3 potions of heal wounds {unknown}
 j - a potion of cancellation {unknown}
 m - a potion of might {unknown}
 o - a potion of attraction {unknown}
 p - 2 potions of invisibility {unknown}
 q - a potion of lignification {unknown}


   Skills:
 + Level 0.9 Fighting
 + Level 0.6 Polearms
 + Level 1.2 Armour
 + Level 2.5 Dodging
 + Level 1.7 Stealth
 + Level 4.0 Spellcasting


You knew the following spells:

 Your Spells              Type           Power      Damage    Failure   Level
a - Summon Small Mammal   Summ           72%        N/A       10%         1
b - Call Imp              Summ           36%        N/A       14%         2
c - Call Canine Familiar  Summ           18%        N/A       28%         3
d - Summon Guardian Gole  Hex/Summ       18%        N/A       28%         3
e - Summon Lightning Spi  Summ/Air       18%        N/A       67%         4
f - Sandblast             Erth           36%        2d10      10%         1
Your spell library was empty.

Dungeon Overview and Level Annotations

Branches:
Dungeon (3/15)

Altars:


Innate Abilities, Weirdness & Mutations

You are immune to sickness and miasma.
You are immune to poison.
Your flesh is very heat resistant. (rF++)
You are vulnerable to cold. (rC-)
You float through the air rather than walking.
You learn spells naturally, not from books.
Your magical power is your life essence.
You have superior vitality. (+4 MHP)


Message History

Your cerulean imp hits the gnoll but does no damage.
Your magical contamination has completely faded away.
The rat attacks as you move away! The rat misses you.
The gnoll hits your cerulean imp with a +0 club.
The gnoll barely misses you.
Your cerulean imp completely misses the gnoll.
You barely miss the gnoll.
The gnoll is heavily wounded.
The gnoll hits you with a +0 club. The gnoll hits you but does no damage.
The rat bites you but does no damage.
Your cerulean imp completely misses the gnoll.
You barely miss the gnoll.
The gnoll is heavily wounded.
The gnoll barely misses you. The gnoll completely misses you.
The rat barely misses you.
Your cerulean imp hits the gnoll with a -3 spear.
The gnoll barely misses your cerulean imp.
Your cerulean imp hits the gnoll with a -3 spear.
The gnoll dies!
You hit the gnoll.
The gnoll is moderately wounded.
The rat closely misses you. The gnoll barely misses you.
Your cerulean imp closely misses the gnoll.
You hit the rat.
You kill the rat!
The gnoll barely misses you.
Your cerulean imp hits the gnoll with a -3 spear.
You hit the gnoll.
The gnoll is moderately wounded.
The gnoll hits you with a +0 club.
Your cerulean imp barely misses the gnoll.
You closely miss the gnoll.
The gnoll is moderately wounded.
The gnoll hits you with a +0 club.
* * * LOW HITPOINT WARNING * * *
Your cerulean imp hits the gnoll with a -3 spear.
The gnoll hits you with a +0 club.
* * * LOW HITPOINT WARNING * * *
The gnoll attacks as you move away! The gnoll hits you with a +0 club!
You die...

#.# ##.# ### ### .. #..
#.# #.# #. #.# #.# #.#
#.###.# #(# #.##
#..†..###### #.# #..##
####..†......# #.#
##?.# #....###)....#
#.# ##.# .....|####
#.)g†.# #.# #.# ..#.#
.#####.5.@.# #.# #.# ..
............# #.# #.# #
.(#####.....####.# #.#
##......†..#####.####
#..#######..[........
...........#.##........
##..## #...##<.......
#.# ###.##........ ..
#<..##........


You could see a gnoll (ally target) and a friendly cerulean imp (summoned).

Vanquished Creatures
  A gnoll (D:3)
  A dart slug (D:1)
  5 ball pythons
  4 endoplasms
  3 goblins
  2 hobgoblins (D:1)
  2 jackals (D:3)
  2 kobolds
  5 quokkas
  2 bats
  3 frilled lizards (D:1)
  2 rats (D:3)
32 creatures vanquished.

Vanquished Creatures (collateral kills)
  2 gnolls (D:3)
  3 ball pythons
  5 goblins
  A jackal (D:3)
  5 frilled lizards
  3 kobolds (D:1)
  A rat (D:1)
20 creatures vanquished.

Grand Total: 52 creatures vanquished

Notes
Turn   | Place    | Note
-------+----------+-------------------------------------------
     0 | D:1      | Blight the Djinni Summoner began the quest for the Orb.
     0 | D:1      | Blight set off with the following spells memorised: Summon
                  | Small Mammal, Call Imp, Call Canine Familiar, Summon
                  | Guardian Golem, Summon Lightning Spire.
     0 | D:1      | Reached XP level 1. HP: 15/15 MP: 0/0
   135 | D:1      | Reached XP level 2. HP: 19/21 MP: 0/0
   426 | D:1      | Reached XP level 3. HP: 10/25 MP: 0/0
   426 | D:1      | Learned a level 1 spell: Sandblast
  1655 | D:2      | Reached XP level 4. HP: 31/31 MP: 0/0
  1890 | D:3      | Reached skill level 1 in Armour
  1903 | D:3      | Reached skill level 4 in Spellcasting
  1923 | D:3      | Slain by a gnoll

Illustrated notes

Levels and vault maps discovered:
D:1:      minmay_arrival_arboretum_small, layout_basic, minmay_door_square
D:2:      layout_loops_cross, serial_co_window_serial, co_window_corner_a,
          co_window_paths_b, co_window_corner_a, co_window_of_opportunity_a,
          co_window_paths_a, co_window_of_opportunity_b, co_window_broadway_c,
          co_window_corner_ca, co_window_unsneaky_path_a, co_window_broadway_a,
          co_window_cross_4, glass_columns_b
D:3:      layout_rooms, lightli_sewer_entry_pipes

Skill      XL: |  1  2  3  4 |
---------------+-------------+-----
Armour         | 1 |  1.2
Spellcasting   | 4 |  4.0
Fighting       | |  0.9
Polearms       | |  0.6
Dodging        | |  2.5
Stealth        | |  1.7

Action                     |  1- 3 |  4- 6 || total
---------------------------+-------+-------++-------
  Melee: Club              |    14 |       ||    14
         Unarmed           |     2 |       ||     2
         Spear             |    37 |    31 ||    68
         Punch             |       |     1 ||     1
   Cast: Summon Small Mamm |    11 |     2 ||    13
         Call Imp          |     8 |     2 ||    10
         Call Canine Famil |     1 |       ||     1
         Summon Guardian G |     1 |       ||     1
         Sandblast         |       |     1 ||     1
    Use: Scroll            |     1 |       ||     1
   Stab: Sleeping          |     1 |       ||     1
 Armour: Robe              |     5 |       ||     5
         Ring mail         |    27 |    12 ||    39
  Dodge: Dodged            |    47 |    28 ||    75
